cohdb
Replays
Latest Replays
All Replays
Popular Replays
Top Player Replays
Match Explorer
How It Works
Community
CoH3 Stats
Reddit
Sign in to upload your games and track your stats! →
Sign in with Steam
Match 37900918
Unlisted
Match 37900918
Overview
Messages
Build Orders
End
Royal Engineer Section
Construct Section Command Post
Infantry Section
Infantry Section
Infantry Section
Construct Platoon Command Post
Selects Indian Artillery Battlegroup
Selects Indian Artillery Battlegroup
Selects War Cry
6-pounder Anti-tank Gun Team
Selects Gurkha Rifles Section
Gurkha Rifles Section
Infantry Training
6-pounder Anti-tank Gun Team
Construct Company Command Post
Crusader II Medium Tank
Selects Volunteer Infantry
Selects Artillery Saturation
Crusader II Medium Tank
Selects Off-map Airburst Barrage
Foot Guards Section
Selects BL5.5 Artillery Emplacement
STALKER4732
kit.ohume
Mr.Nobody
Legion
0
0
Comments
sign in to comment!
No comments posted yet!